 Dungeon Crawl Stone Soup version 0.31-a0-1570-g93c622d222 (webtiles) character file.

Game seed: 17577289699364558591

1 innerfire43 the Apothecary (level 1, 0/15 HPs)
             Began as a Demonspawn Wanderer on Jan 3, 2024.
             Slain by a quokka (3 damage)
             ... on level 1 of the Dungeon.
             The game lasted 00:00:39 (76 turns).

innerfire43 the Apothecary (Demonspawn Wanderer)      Turns: 76, Time: 00:00:39

Health: 0/15       AC:  2    Str: 10    XL:     1   Next: 16%
Magic:  3/3        EV: 11    Int: 13    God:
Gold:   0          SH:  0    Dex: 13    Spells: 3/4 levels left

rFire   . . .        a - +0 dagger
rCold   . . .        (no shield)
rNeg    . . .        c - +0 robe
rPois   .            (no helmet)
rElec   .            (no cloak)
rCorr   .            (no gloves)
SInv    .            (no boots)
Will    .....        (no amulet)
Stlth   +            (no ring)
HPRegen 0.22/turn    (no ring)
MPRegen 0.08/turn

%: no passive effects
@: no status effects
A: no striking features
a: no special abilities


You were on level 1 of the Dungeon.
You visited 1 branch of the dungeon, and saw 1 of its levels.

Inventory:

Hand Weapons
 a - a +0 dagger (weapon)
Armour
 c - a +0 robe (worn)
Potions
 b - a potion of attraction


   Skills:
 + Level 1.0 Fighting
 + Level 0.1 Short Blades
 - Level 1.0 Throwing
 + Level 0.1 Dodging
 - Level 2.0 Spellcasting
 - Level 2.0 Hexes
 - Level 4.0 Alchemy


You had 3 spell levels left.
You knew the following spells:

 Your Spells              Type           Power      Damage    Failure   Level
a - Slow                  Hex            24%        N/A       11%         1

Your spell library contained the following spells:

 Spells                   Type           Power      Damage    Failure   Level
 Mercury Vapours          Alch/Air       12%        N/A       17%         2
 Cigotuvi's Dreadful Rot  Necr/Alch/Air  8%         N/A       22%         2
 Sigil of Binding         Hex            6%         N/A       32%         3
 Tukima's Dance           Hex            6%         N/A       32%         3


Dungeon Overview and Level Annotations

Branches:
Dungeon (1/15)

Altars:


Message History

A quokka comes into view.
Found a lumpy purple potion.
The hobgoblin shouts!
A quokka comes into view.
The quokka bites you.
You hit the hobgoblin.
The hobgoblin is lightly wounded.
The quokka bites you. The hobgoblin barely misses you.
You hit the hobgoblin.
The hobgoblin is heavily wounded.
The kobold shouts!
The quokka bites you but does no damage.
The quokka twitches its whiskers.
The quokka bites you but does no damage.
The hobgoblin hits you.
* * * LOW HITPOINT WARNING * * *
The quokka attacks as it pursues you! The quokka bites you.
* * * LOW HITPOINT WARNING * * *
A rat comes into view.
The quokka attacks as it pursues you! The quokka closely misses you.
The kobold throws a stone.
The stone hits you but does no damage. The quokka attacks as it pursues you!
The quokka bites you but does no damage.
The quokka barely misses you. The quokka barely misses you.
The quokka attacks as it pursues you! The quokka bites you.
* * * LOW HITPOINT WARNING * * *
The quokka attacks as it pursues you! The quokka completely misses you.
The quokka bites you but does no damage.
You hit the quokka but do no damage. The quokka bites you.
* * * LOW HITPOINT WARNING * * *
You closely miss the quokka. You punch the quokka, but do no damage.
The quokka barely misses you.
You closely miss the quokka. You punch the quokka.
The quokka is heavily wounded.
The quokka misses you.
You hit the quokka but do no damage.
The quokka is heavily wounded.
The quokka bites you.
You die...

###### #....# #....# #....#
###############....# ...
...........@rrrg...# ....
#######'#######K...# ....
#.............#....#####.r..
#...##...##...#....#........
#<..##...##..>#....K.[......
#≈≈≈..........#....r........
#≈≈≈≈...).....######........
#⌠≈≈≈≈.⌠.....⌠# #........
############### #........


You could see 3 quokkas, a hobgoblin and a kobold.

Vanquished Creatures
  A quokka (D:1)
1 creature vanquished.

Notes
Turn   | Place    | Note
-------+----------+-------------------------------------------
     0 | D:1      | innerfire43 the Demonspawn Wanderer began the quest for the
                  | Orb.
     0 | D:1      | innerfire43 set off with the following items: a +0 dagger,
                  | a potion of attraction, a +0 robe, a potion of curing; and
                  | the following spell memorised: Slow; and the following
                  | spells available to memorise: Mercury Vapours, Cigotuvi's
                  | Dreadful Rot, Sigil of Binding, Tukima's Dance.
     0 | D:1      | Reached XP level 1. HP: 15/15 MP: 3/3
    76 | D:1      | Slain by a quokka

Illustrated notes

Levels and vault maps discovered:
D:1:      amcnicky_arrival_flooded_fountain, layout_basic, minmay_tetromino_t4

Action                     || total
---------------------------++-------
  Melee: Dagger            ||    36
         Punch             ||     2
    Use: Potion            ||     1
 Armour: Robe              ||    30
  Dodge: Dodged            ||    26

Table legend: (Time is in decaauts)
 A = Elapsed time spent in this place.
 B = Non-inter-level travel time spent in this place.
 C = Inter-level travel time spent in this place.
 D = Time resting spent in this place.
 E = Time spent auto-exploring this place.
 F = Levels seen in this place.
 G = Mean time per level.
                   A        B        C        D        E       F      G
               +--------+--------+--------+--------+--------+-----+--------+
         Total |     76 |     76 |      0 |      0 |     18 |   1 |   76.0 |
       Dungeon |     76 |     76 |      0 |      0 |     18 |   1 |   76.0 |
               +--------+--------+--------+--------+--------+-----+--------+

Top non-repeatable levels by time:
     D:1: 76 daAuts
